 Dungeon Crawl Stone Soup version 0.27-a0-1565-gad902ab807 (webtiles) character file.

Game seed: 10326722450149395099

6 elagabalus the Chucker (level 1, 11/22 HPs)
             Began as an Ogre Hunter on July 16, 2021.
             Quit the game on level 1 of the Dungeon.
             The game lasted 00:01:57 (50 turns).

elagabalus the Chucker (Ogre Hunter)                  Turns: 50, Time: 00:01:58

Health: 11/22      AC:  3    Str: 15    XL:     1   Next: 90%
Magic:  1/1        EV:  9    Int: 12    God:
Gold:   17         SH:  0    Dex:  9    Spells: 0/0 levels left

rFire    . . .     SeeInvis .   a - +0 short sword
rCold    . . .     Faith    .   (no shield)
rNeg     . . .     Spirit   .   b - +0 robe
rPois    .         Reflect  .   (helmet restricted)
rElec    .         Harm     .   (no cloak)
rCorr    .         Rampage  .   (gloves unavailable)
Will     .....                  (boots unavailable)
Stlth    +.........             (no amulet)
HPRegen  0.07/turn              (no ring)
MPRegen  0.07/turn              (no ring)

@: no status effects
A: large, unfitting armour, tough skin 1
a: no special abilities


You were on level 1 of the Dungeon.
You visited 1 branch of the dungeon, and saw 1 of its levels.

You collected 17 gold pieces.

Inventory:

Hand Weapons
 a - a +0 short sword (weapon)
Missiles
 c - 5 large rocks (quivered)
 d - 2 throwing nets
Armour
 b - a +0 robe (worn)
Scrolls
 e - a scroll of enchant weapon {unknown}


   Skills:
 - Level 2.6 Fighting
 * Level 4.3 Throwing
 - Level 1.7 Dodging
 - Level 0.6 Stealth


You couldn't memorise any spells.
You didn't know any spells.
Your spell library was empty.

Dungeon Overview and Level Annotations

Branches:
Dungeon (1/15)

Altars:


Innate Abilities, Weirdness & Mutations

You are too large for most types of armour.
You have tough skin. (AC +1)


Message History

The giant cockroach bites you.
You closely miss the giant cockroach.
The giant cockroach is heavily wounded.
The giant cockroach barely misses you. The giant cockroach closely misses you.
The giant cockroach bites you. The giant cockroach closely misses you.
You hit the giant cockroach.
You kill the giant cockroach!
The giant cockroach bites you but does no damage.
The kobold barely misses you.
You barely miss the kobold.
A nearby plant withers and dies.
The giant cockroach bites you but does no damage.
The kobold hits you with a +0 short sword.
You hit the kobold.
You kill the kobold!
The giant cockroach bites you.
The giant cockroach bites you but does no damage.
You hit the hobgoblin.
The hobgoblin is lightly wounded.
The giant cockroach barely misses you. The hobgoblin closely misses you.
You hit the hobgoblin.
The hobgoblin is severely wounded.
The giant cockroach misses you. The hobgoblin barely misses you.
You hit the hobgoblin.
You kill the hobgoblin!
The giant cockroach closely misses you.
You barely miss the giant cockroach.
The giant cockroach bites you but does no damage. x2
You hit the giant cockroach but do no damage.
The giant cockroach bites you.
You hit the giant cockroach but do no damage.
The giant cockroach bites you but does no damage. x2
You barely miss the giant cockroach. The giant cockroach bites you.
You barely miss the giant cockroach.
The giant cockroach bites you but does no damage.
You hit the giant cockroach but do no damage.
The giant cockroach barely misses you. The giant cockroach bites you.
You hit the giant cockroach.
You kill the giant cockroach!
You now have 17 gold pieces.
Are you sure you want to abandon this character and quit the game? (Confirm with "yes".)

##### #...# #...# ####
.## #...# ...
...####..@###.# ###.
#.........##..##....
###..P.............#####
....♣..#...............#.
#......♣†..............
#......)..............
#....#.##^............
##.#.#.................
#....#................


There were no monsters in sight!

Vanquished Creatures
  2 giant cockroaches (D:1)
  2 hobgoblins (D:1)
  A kobold (D:1)
5 creatures vanquished.

Vanquished Creatures (others)
  A plant (D:1)
1 creature vanquished.

Grand Total: 6 creatures vanquished

Notes
Turn   | Place    | Note
-------+----------+-------------------------------------------
     0 | D:1      | elagabalus the Ogre Hunter began the quest for the Orb.
     0 | D:1      | Reached XP level 1. HP: 22/22 MP: 1/1
    50 | D:1      | Quit the game

Illustrated notes

Levels and vault maps discovered:
D:1:      giann_bridges, layout_rooms, serial_forest, infiniplex_forest_clump_C,
          infiniplex_forest_clump_small, infiniplex_forest_straight_4,
          infiniplex_forest_clump_curved, infiniplex_forest_clump_tiny,
          infiniplex_forest_clump_medium, infiniplex_forest_clump_tiny,
          infiniplex_forest_corner_1, infiniplex_forest_clump_tiny

Action                   || total
-------------------------++-------
Melee: Short sword       ||    20
Armor: Robe              ||    10
Dodge: Dodged            ||    13

Table legend: (Time is in decaauts)
 A = Elapsed time spent in this place.
 B = Non-inter-level travel time spent in this place.
 C = Inter-level travel time spent in this place.
 D = Time resting spent in this place.
 E = Time spent auto-exploring this place.
 F = Levels seen in this place.
 G = Mean time per level.
                   A        B        C        D        E       F      G
               +--------+--------+--------+--------+--------+-----+--------+
         Total |     53 |     44 |      9 |      0 |      0 |   1 |   53.0 |
       Dungeon |     53 |     44 |      9 |      0 |      0 |   1 |   53.0 |
               +--------+--------+--------+--------+--------+-----+--------+

Top non-repeatable levels by time:
     D:1: 53 daAuts
